 Dungeon Sprint DCSS version 0.28.0-1-gb440e238dd (webtiles) character file.

Game seed: 17324836077138473928

216 boopmooplesden the Protected (level 5, 0/52 HPs)
             Began as a Minotaur Fighter on Feb 21, 2022.
             Slain by a human (9 damage)
             ... in the Dungeon (Sprint III: "The Ten Rune Challenge").
             The game lasted 00:01:43 (1069 turns).

boopmooplesden the Protected (Minotaur Fighter)     Turns: 1069, Time: 00:01:44

Health: 0/52       AC:  8    Str: 20    XL:     5   Next: 61%
Magic:  3/3        EV:  9    Int:  5    God:
Gold:   27         SH:  5    Dex: 12    Spells: 4/4 levels left

rFire   . . .      SeeInvis .   a - +0 long sword
rCold   . . .      Faith    .   c - +0 buckler
rNeg    . . .      Spirit   .   b - +0 scale mail
rPois   .          Reflect  .   (helmet restricted)
rElec   .          Harm     .   (no cloak)
rCorr   .          Rampage  .   (no gloves)
Will    .....      NoTele   +   (no boots)
Stlth   ..........              (no amulet)
HPRegen 0.17/turn               (no ring)
MPRegen 0.08/turn               (no ring)

@: no status effects
A: horns 2, retaliatory headbutt, hooves 1, low MP 1, no potion heal 1
a: no special abilities


You were in the Dungeon.
You visited 1 branch You collected 27 gold pieces.

Inventory:

Hand Weapons
 a - a +0 long sword (weapon)
Armour
 b - a +0 scale mail (worn)
 c - a +0 buckler (worn)
Scrolls
 j - a scroll of blinking
 l - a scroll of holy word {unknown}
 m - a scroll of identify
 p - a scroll of immolation {unknown}
Potions
 e - a potion of curing
 f - a potion of heal wounds
 g - a potion of haste
 h - 2 potions of magic
 i - a potion of berserk rage
 n - a potion of degeneration
 o - a potion of flight {unknown}
 q - a potion of brilliance {unknown}


   Skills:
 + Level 7.6 Fighting
 + Level 7.0 Long Blades
 + Level 8.9 Armour
 + Level 0.3 Dodging
 + Level 1.4 Stealth
 + Level 7.0 Shields


You had 4 spell levels left.
You didn't know any spells.
Your spell library was empty.

Dungeon Overview and Level Annotations

Branches:
Dungeon (1/1)

Altars:
Dithmenos
Okawaru
Ru
Trog
Uskayaw
Wu Jian
Yredelemnul
Beogh


Innate Abilities, Weirdness & Mutations

You have a pair of horns on your head.
You reflexively headbutt those who attack you in melee.
You have large cloven feet.
Your magical capacity is low. (-10% MP)
Potions are less effective at restoring your health.


Message History

You slash the human! Your kick misses the human.
The human is heavily wounded.
The human hits you.
The human drinks a potion.
The human seems to grow stronger.
You hit the human but do no damage. Your kick misses the human.
The human is moderately wounded.
The human hits you but does no damage. The human hits you!
You barely miss the human.
The human is moderately wounded.
The human closely misses you.
The human drinks a potion.
The human goes berserk!
You barely miss the human. You kick the human, but do no damage.
The human is moderately wounded.
You block the human's attack. The human barely misses you.
You slash the human! Your headbutt misses the human.
The human is severely wounded.
The human hits you! The human hits you. The human completely misses you.
You barely miss the human. You headbutt the human!
The human is almost dead.
The human barely misses you. The human hits you but does no damage.
You closely miss the human. You kick the human, but do no damage.
You headbutt the human.
The human is almost dead.
The human hits you! You block the human's attack. The human hits you.
* * * LOW HITPOINT WARNING * * *
You closely miss the human. Your kick misses the human.
The human is almost dead.
The human hits you.
* * * LOW HITPOINT WARNING * * *
The human closely misses you.
You barely miss the human. You kick the human.
The human is almost dead.
The human hits you.
* * * LOW HITPOINT WARNING * * *
The human barely misses you. The human hits you.
* * * LOW HITPOINT WARNING * * *
You hit the human. You kick the human.
You kill the human!
The human hits you!
You die...

▓▓ ▓▓▓ .#### ##.#
######## ....#####..#
#___#__# .....#..#..#
#p_)#)_#
##...#..#..###+#@###†##
###..##'#..#..........#
.##..###...'.⌠........#
##..####...#...######+#
##..###....#.⌠.#
#...##.....#...#
....#......#+###
..##.#.....#
..#####....#


You could see a human (strong).

Vanquished Creatures
  A necrophage (D)
  A water elemental (D)
  Jessica (D)
  A necromancer (D)
  2 humans (D)
  A phantom (D)
  An endoplasm (D)
  A rat (D)
9 creatures vanquished.

Notes
Turn   | Place    | Note
-------+----------+-------------------------------------------
     0 | D        | boopmooplesden the Minotaur Fighter began the quest for the
                  | Orb.
     0 | D        | Reached XP level 1. HP: 19/19 MP: 0/0
    12 | D        | Reached skill level 4 in Armour
    31 | D        | Noticed Jessica
    37 | D        | Killed Jessica
    38 | D        | Reached skill level 5 in Fighting
    38 | D        | Reached skill level 5 in Armour
    38 | D        | Reached skill level 5 in Shields
    38 | D        | Reached XP level 2. HP: 9/29 MP: 1/1
   295 | D        | Reached XP level 3. HP: 12/36 MP: 2/2
   297 | D        | HP: 1/36 [phantom (7)]
   606 | D        | Gained mutation: You are dopey. (Int -2) [potion of
                  | mutation]
   611 | D        | Lost mutation: You are dopey. (Int -2) [potion of mutation]
   611 | D        | Gained mutation: Your magical capacity is low. (-10% MP)
                  | [potion of mutation]
   611 | D        | Gained mutation: Armour fits poorly on your strangely
                  | shaped body. [potion of mutation]
   611 | D        | Gained mutation: You have large cloven feet. [potion of
                  | mutation]
   611 | D        | Gained mutation: Your muscles are strong. (Str +2) [potion
                  | of mutation]
   612 | D        | Lost mutation: Armour fits poorly on your strangely shaped
                  | body. [potion of mutation]
   612 | D        | Lost mutation: Your muscles are strong. (Str +2) [potion of
                  | mutation]
   612 | D        | Gained mutation: Potions are less effective at restoring
                  | your health. [potion of mutation]
   720 | D        | Noticed a water elemental
   723 | D        | Killed a water elemental
   724 | D        | Reached skill level 5 in Long Blades
   724 | D        | Reached skill level 7 in Armour
   724 | D        | Reached XP level 4. HP: 26/45 MP: 2/2
   853 | D        | Found a basalt altar of Yredelemnul.
   853 | D        | Found a shadowy altar of Dithmenos.
   853 | D        | Found a sacrificial altar of Ru.
   853 | D        | Noticed a necrophage
   858 | D        | Killed a necrophage
   859 | D        | Reached skill level 8 in Armour
   859 | D        | Reached skill level 1 in Stealth
   859 | D        | Reached XP level 5. HP: 18/52 MP: 3/3
  1057 | D        | Found a hide-covered altar of Uskayaw.
  1057 | D        | Found an iron altar of Okawaru.
  1058 | D        | Found a bloodstained altar of Trog.
  1058 | D        | Found an ornate altar of the Wu Jian Council.
  1058 | D        | Noticed a human
  1058 | D        | Noticed a human
  1069 | D        | Killed a human
  1069 | D        | Slain by a human

Illustrated notes

Levels and vault maps discovered:
D:        dungeon_sprint_mu [sprint_mu_entry_cave, sprint_mu_temple_rooms,
          sprint_mu_d1_spiders, sprint_mu_d2_genie, sprint_mu_d3_branching,
          sprint_mu_orc_legion, sprint_mu_elf_gauntlet, sprint_mu_hive_nellie,
          sprint_mu_lair_fedhas, sprint_mu_vaults_butterflies,
          sprint_mu_slime_circle, sprint_mu_swamp_cave, sprint_mu_shoals_kraken,
          sprint_mu_blade_basic, sprint_mu_crypt_chambers,
          sprint_mu_tomb_spiral, sprint_mu_vestibule_basic,
          sprint_mu_gehenna_hellfire, sprint_mu_dis_giant,
          sprint_mu_tartarus_statrot, sprint_mu_cocytus_islands, sprint_mu_zot1]

Skill      XL: |  1  2  3  4  5 |
---------------+----------------+-----
Fighting       | 5 6 7 |  7.6
Armour         | 5 7 8 |  8.9
Shields        | 5 6 7 |  7.0
Long Blades    | 3 4 5 6 7 |  7.0
Stealth        | 1 |  1.4
Dodging        | |  0.3

Action                   |  1- 3 |  4- 6 || total
-------------------------+-------+-------++-------
Melee: Long sword        |    31 |    19 ||    50
       Headbutt          |     5 |     4 ||     9
       Kick              |     2 |     8 ||    10
  Use: Potion            |     4 |       ||     4
       Scroll            |     2 |       ||     2
Armor: Scale mail        |     3 |     5 ||     8
Dodge: Dodged            |     8 |     8 ||    16
Block: Buckler           |    11 |     3 ||    14
